 Dungeon Crawl Stone Soup version 0.19.0-20-gbc5f0c6 (webtiles) character file.

40024 HarryHood the Basher (level 13, 0/119 HPs)
             Began as a Minotaur Berserker on Nov 16, 2016.
             Was a High Priest of Trog.
             Succumbed to a black mamba's poison
             ... on level 1 of the Snake Pit on Nov 18, 2016.
             The game lasted 01:38:51 (15102 turns).

HarryHood the Basher (Minotaur Berserker)          Turns: 15102, Time: 01:38:51

Health: 0/119      AC: 22    Str: 25    XL:     13   Next: 72%
Magic:  0/12       EV:  9    Int:  4    God:    Trog [*****.]
Gold:   1110       SH: 13    Dex: 12    Spells: 0 memorised, 12 levels left

rFire  + . .     SeeInvis .     o - +3 mace (freeze)
rCold  . . .     Gourm    .     z - +0 plate armour {rPois}
rNeg   . . .     Faith    .     d - +0 shield
rPois  +         Spirit   +     (helmet restricted)
rElec  .         Reflect  .     a - +0 cloak
rCorr  .         Harm     .     m - +1 pair of gloves
MR     .....                    (no boots)
Stlth  ..........               y - amulet of guardian spirit
                                F - +3 ring of protection
                                P - ring "Vifinikla" {rF+ Slay+3}

@: lethally poisoned (0 -> -44), constricted
A: retaliatory headbutt, horns 2
a: Berserk, Trog's Hand, Brothers in Arms, Burn Spellbooks, Renounce Religion


You were on level 1 of the Snake Pit.
You worshipped Trog.
Trog was extremely pleased with you.
You were hungry.

You visited 4 branches of the dungeon, and saw 20 of its levels.
You also visited: Ossuary.

You collected 1207 gold pieces.
You spent 97 gold pieces at shops.

Inventory:

Hand Weapons
 o - a +3 mace of freezing (weapon)
Armour
 a - a +0 cloak (worn)
 d - a +0 shield (worn)
 m - a +1 pair of gloves (worn)
 z - a +0 plate armour of poison resistance (worn)
Jewellery
 y - an amulet of guardian spirit (around neck)
 F - a +3 ring of protection (right hand)
 N - an uncursed ring of protection from magic
 P - the ring "Vifinikla" (left hand) {rF+ Slay+3}
   (You found it on level 1 of the Lair of Beasts)

   [ring of slaying]

   It affects your accuracy and damage with ranged weapons and melee attacks
   (+3).
   It protects you from fire.
 T - an uncursed ring of positive energy
 U - an uncursed ring of poison resistance
 V - an uncursed ring of protection from cold
Wands
 q - a wand of paralysis (16/24)
 u - a wand of acid (8/15)
 C - a wand of flame (16/48)
 M - a wand of polymorph (6/24)
 X - a wand of iceblast (4/15)
Scrolls
 e - 6 scrolls of remove curse
 i - a scroll of fear
 l - a scroll of identify
 w - 3 scrolls of magic mapping
 x - 3 scrolls of enchant armour
 D - a scroll of enchant weapon
 E - 4 scrolls of blinking
 G - a scroll of holy word
 J - a scroll of brand weapon
 L - a scroll of recharging
 S - 4 scrolls of teleportation
Potions
 h - 2 potions of heal wounds
 k - 5 potions of lignification
 n - 3 potions of resistance
 p - 4 potions of brilliance
 r - a potion of flight
 s - 6 potions of curing
 v - a potion of agility
 A - a potion of haste
 B - 4 potions of might
 I - a potion of cure mutation
 K - a potion of cancellation
 R - 2 potions of beneficial mutation
 W - a potion of magic
Comestibles
 c - 12 bread rations
 f - 12 fruits
 g - 7 meat rations
 j - 4 beef jerkies
 t - 3 slices of pizza
 H - a royal jelly


   Skills:
 * Level 12.9 Fighting
 - Level 14.3 Maces & Flails
 - Level 12.0 Armour
 - Level 12.0 Dodging
 - Level 12.0 Shields


You had 12 spell levels left.
You didn't know any spells.

Dungeon Overview and Level Annotations

Branches:
Dungeon (12/15)            Temple (1/1) D:4            Lair (6/6) D:8
  Swamp (0/4) Lair:4        Snake (1/4) Lair:2        Slime (0/5) Lair:6
    Orc: D:9-12

Altars:
Ashenzari
Cheibriados
Dithmenos
Elyvilon
Fedhas
Gozag
Hepliaklqana
Kikubaaqudgha
Makhleb
Nemelex Xobeh
Okawaru
Qazlal
Ru
Sif Muna
Trog
Uskayaw
Vehumet
Xom
Yredelemnul
Zin
The Shining One
Jiyva

Shops:
D:4 [   D:7 *   D:9 ((*=   D:11 %[*}*

Annotations:
Lair:4 exclusion: oklob plant


Innate Abilities, Weirdness & Mutations

You reflexively headbutt those who attack you in melee.
You have a pair of horns on your head.


Message History

The black mamba barely misses you. The naga mage hits you with a whip.
* * * LOW HITPOINT WARNING * * *
x2 The naga mage constricts you.
The black mamba bites you.
* * * LOW HITPOINT WARNING * * *
You barely miss the naga mage. You headbutt the naga mage!
The naga mage is heavily wounded.
* * * LOW HITPOINT WARNING * * *
You feel sick. You block the mana viper's attack.
The black mamba bites you but does no damage.
The naga ritualist gestures at you while chanting.
You resist with significant effort. You block the naga mage's attack.
* * * LOW HITPOINT WARNING * * *
The naga mage constricts you. You block the mana viper's attack.
The black mamba bites you!
* * * LOW HITPOINT WARNING * * *
You are more poisoned.
The black mamba poisons you!
You hit the naga mage but do no damage. You headbutt the naga mage!
The naga mage is severely wounded.
You die...

####..#.# ....... #.......
###.......## ..>####.#.....#
##..........####..##.##......
#...................###......
####......###........##......
#.......##.........###.....
#.......#.........#........
#.......##NNS......#.###....
#.....#.#.S@SS......# ##...
#..........#)S.......# #..#
###.......###........## #.##
..... ##........####.# ...
##........N##.# ..
##......S.).## .
...##...SST.# ## ##......##
#.......#


You could see a naga ritualist, 2 mana vipers, a guardian serpent, 2 black
mambas and a naga mage.

Vanquished Creatures
  A nagaraja (Snake:1)
  Nessos (Lair:6)
  The ghost of hyperlasty the Bludgeoner, a journeyman OgCK of Xom (D:9)
  A naga warrior (Snake:1)
  4 hydras
  2 anacondas
  A naga sharpshooter (Snake:1)
  3 hill giants
  Pikel (D:4)
  4 elephants (Lair:6)
  5 black mambas
  A torpor snail (Lair:6)
  2 naga magi (Snake:1)
  5 spiny frogs
  5 komodo dragons
  A rime drake (Lair:4)
  5 polar bears
  Prince Ribbit (D:5)
  A two-headed ogre (D:7)
  15 blink frogs
  7 hippogriffs
  A wyvern (D:12)
  32 yaks
  A spriggan (D:7)
  Eustachio (D:6)
  3 vampire mosquitoes (D:12)
  A hungry ghost (D:7)
  A basilisk (D:11)
  Menkaure (D:6)
  Edmund (D:6)
  3 nagas (Lair:2)
  Duvessa (D:4)
  10 water moccasins
  A swamp drake (Lair:4)
  3 porcupines (Lair:3)
  A sky beast (D:11)
  3 orc warriors
  An ice beast (D:5)
  7 black bears (Lair:1)
  2 eyes of draining
  5 ogres
  2 phantoms (D:8)
  6 wolves (Lair:1)
  3 centaurs
  16 crocodiles
  Blork the orc (D:6)
  12 bullfrogs
  Dowan (D:4)
  A water moccasin zombie (D:5)
  4 scorpions
  9 killer bees (D:7)
  2 centaur zombies (D:11)
  3 howler monkeys (D:8)
  2 bullfrog zombies
  2 crimson imps (D:9)
  7 hounds
  A jelly (D:7)
  Crazy Yiuf (D:2)
  2 orc priests
  2 orc wizards
  2 centaur skeletons
  5 iguanas
  13 worker ants
  A killer bee zombie (D:7)
  A big kobold zombie (Ossuary)
  A hound zombie (D:8)
  2 hound skeletons
  8 mummies (Ossuary)
  A worker ant zombie (D:5)
  9 adders
  4 gnolls (D:6)
  A river rat (D:8)
  2 shadow imps (D:8)
  4 worms
  2 adder skeletons
  A dart slug (D:3)
  2 leopard geckos
  14 orcs
  6 giant cockroaches
  A gnoll zombie (Ossuary)
  9 goblins
  9 hobgoblins
  9 jackals
  6 kobolds
  4 quokkas
  2 ball pythons (D:4)
  13 bats
  5 frilled lizards
  3 hobgoblin zombies (Ossuary)
  A jackal skeleton (D:5)
  3 kobold zombies (Ossuary)
  A leopard gecko skeleton (D:5)
  8 rats
  A fungus (Lair:6)
  2 plants (Lair:6)
379 creatures vanquished.

Vanquished Creatures (collateral kills)
  3 dire elephants (Lair:6)
  Harold (D:11)
  A hill giant (D:11)
  2 ugly things (D:11)
  A black mamba (Snake:1)
  A gargoyle (D:11)
  A crimson imp (D:11)
10 creatures vanquished.

Vanquished Creatures (others)
  A slave (D:4)
  A howler monkey (D:4)
  A worker ant (D:4)
  An adder skeleton (D:4)
  6 fungi
10 creatures vanquished.

Grand Total: 399 creatures vanquished

Notes
Turn   | Place    | Note
-------+----------+-------------------------------------------
     0 | D:1      | HarryHood the Minotaur Berserker began the quest for the Orb.
     0 | D:1      | Reached XP level 1. HP: 19/19 MP: 0/0
    88 | D:1      | Reached skill level 4 in Maces & Flails
   295 | D:1      | Reached XP level 2. HP: 26/26 MP: 1/1
   660 | D:1      | Found a snail-covered altar of Cheibriados.
   706 | D:2      | Reached skill level 5 in Maces & Flails
   706 | D:2      | Reached XP level 3. HP: 19/31 MP: 2/2
  1036 | D:2      | Reached ** piety under Trog
  1503 | D:2      | Found a runed door.
  1507 | D:2      | Noticed Crazy Yiuf
  1510 | D:2      | Killed Crazy Yiuf
  1510 | D:2      | Reached skill level 6 in Maces & Flails
  1510 | D:2      | Reached XP level 4. HP: 39/39 MP: 3/3
  1634 | D:3      | Upgraded the game from 0.19.0-19-g8c6edcc to 0.19.0-20-gbc5f0c6
  1789 | D:3      | Noticed an eye of draining
  1803 | D:3      | Killed an eye of draining
  1803 | D:3      | Reached XP level 5. HP: 45/45 MP: 1/4
  1811 | D:3      | Found a bloodstained altar of Trog.
  1924 | D:3      | Found an opulent altar of Gozag.
  1972 | D:3      | Reached skill level 5 in Armour
  2368 | D:4      | Noticed Pikel
  2368 | D:4      | Noticed a slave
  2368 | D:4      | Noticed a slave
  2368 | D:4      | Noticed an ogre
  2370 | D:4      | Noticed a slave
  2387 | D:4      | Found Jeiledgh's Armour Shop.
  2393 | D:4      | Reached *** piety under Trog
  2467 | D:4      | Noticed a slave
  2478 | D:4      | Killed Pikel
  2478 | D:4      | Reached XP level 6. HP: 51/51 MP: 5/5
  2478 | D:4      | Reached XP level 7. HP: 57/57 MP: 6/6
  2546 | D:4      | Found a staircase to the Ecumenical Temple.
  2552 | D:4      | Noticed Duvessa
  2559 | D:4      | Killed Duvessa
  2560 | D:4      | Noticed Dowan
  2572 | D:4      | Killed Dowan
  2572 | D:4      | Reached skill level 5 in Fighting
  2579 | Temple   | Entered the Ecumenical Temple
  3146 | D:4      | Reached XP level 8. HP: 64/69 MP: 7/7
  3185 | D:4      | Found a glowing silver altar of Zin.
  3393 | D:5      | Entered Level 5 of the Dungeon
  3921 | D:5      | Noticed Prince Ribbit
  3930 | D:5      | Killed Prince Ribbit
  3930 | D:5      | Reached skill level 7 in Maces & Flails
  4397 | D:6      | Reached skill level 5 in Dodging
  4415 | D:6      | Noticed Eustachio
  4422 | D:6      | Killed Eustachio
  4637 | D:6      | Reached skill level 1 in Shields
  4729 | D:6      | Reached skill level 8 in Maces & Flails
  4729 | D:6      | Reached XP level 9. HP: 75/75 MP: 8/8
  4779 | D:6      | Noticed Edmund
  4795 | D:6      | Killed Edmund
  4811 | D:6      | Found a hide-covered altar of Uskayaw.
  4935 | D:6      | Found a sand-covered staircase.
  4947 | Ossuary  | Entered an ossuary
  4964 | Ossuary  | Reached **** piety under Trog
  5047 | Ossuary  | Reached skill level 9 in Maces & Flails
  5348 | D:6      | Noticed Blork the orc
  5354 | D:6      | Killed Blork the orc
  5616 | D:6      | Noticed Menkaure
  5621 | D:6      | Killed Menkaure
  5909 | D:7      | Reached skill level 10 in Maces & Flails
  6068 | D:7      | Reached skill level 5 in Shields
  6140 | D:7      | Reached skill level 11 in Maces & Flails
  6246 | D:7      | Noticed a hill giant
  6253 | D:7      | Killed a hill giant
  6253 | D:7      | Reached XP level 10. HP: 83/83 MP: 9/9
  6375 | D:7      | Found a white marble altar of Elyvilon.
  6443 | D:7      | Found Reagak's Assorted Antiques.
  6506 | D:7      | Found a glowing golden altar of the Shining One.
  6587 | D:8      | Reached skill level 12 in Maces & Flails
  6711 | D:8      | Found a staircase to the Lair.
  6729 | D:8      | Reached ***** piety under Trog
  6787 | Lair:1   | Entered Level 1 of the Lair of Beasts
  6837 | D:8      | Identified the Grimoire of Attacks
  7387 | D:9      | Found a sacrificial altar of Ru.
  7388 | D:9      | Found an opulent altar of Gozag.
  7389 | D:9      | Found a snail-covered altar of Cheibriados.
  7389 | D:9      | Found a burning altar of Makhleb.
  7390 | D:9      | Found a shimmering altar of Xom.
  7391 | D:9      | Found a stormy altar of Qazlal.
  7411 | D:9      | You fall through a shaft for 3 floors!
  7438 | D:12     | Noticed a red ugly thing
  7483 | D:12     | Noticed a hill giant
  7543 | D:12     | Noticed a cyclops
  7578 | D:12     | Killed a hill giant
  7578 | D:12     | Reached skill level 13 in Maces & Flails
  7600 | D:12     | Reached skill level 10 in Armour
  7635 | D:12     | Received a gift from Trog
  7750 | D:11     | Found Qimusauju's General Store.
  7761 | D:11     | Bought a scroll of torment for 97 gold pieces
  7776 | D:11     | Found Hykkefer's Gadget Emporium.
  7796 | D:11     | Noticed a hill giant
  7810 | D:11     | HP: 1/86 [hill giant/giant club (12)]
  7838 | D:11     | Killed a hill giant
  7876 | D:11     | Noticed Harold
  7882 | D:11     | Reached XP level 11. HP: 54/92 MP: 10/10
  7886 | D:11     | Killed Harold
  7905 | D:11     | Noticed a hill giant
  7912 | D:11     | Noticed a brown ugly thing
  7917 | D:11     | Found Vebidan's Antique Armour Emporium.
  7965 | D:11     | Noticed a green ugly thing
  7976 | D:11     | Killed a green ugly thing
  7977 | D:11     | Killed a green ugly thing
  7981 | D:11     | Killed a hill giant
  8036 | D:11     | Found Vausm's Assorted Antiques.
  8094 | D:11     | Found Dyeror's Food Emporium.
  8100 | D:10     | Entered Level 10 of the Dungeon
  8157 | D:9      | Found Vinex's Weapon Shop.
  8161 | D:9      | Found Deong's General Store.
  8215 | D:9      | Found Qaujil's Jewellery Emporium.
  8253 | D:9      | Found a blossoming altar of Fedhas.
  8586 | D:9      | Found Kiufin's Weapon Emporium.
  8590 | D:9      | Noticed hyperlasty's ghost (journeyman OgCK)
  8612 | D:9      | Killed hyperlasty's ghost
  9163 | Lair:1   | Got a coiled silver ring
  9180 | Lair:1   | Reached skill level 10 in Fighting
 10808 | Lair:2   | Noticed a seven-headed hydra
 10814 | Lair:2   | Killed a seven-headed hydra
 10854 | Lair:2   | Found a staircase to the Snake Pit.
 10983 | Lair:3   | Reached XP level 12. HP: 112/112 MP: 11/11
 11795 | Lair:4   | Noticed a six-headed hydra
 11804 | Lair:4   | Killed a six-headed hydra
 11886 | Lair:4   | Found a staircase to the Swamp.
 12124 | Lair:4   | Reached skill level 10 in Shields
 12628 | Lair:4   | Identified the ring "Vifinikla" {rF+ Slay+3} (You found it on level 1 of the Lair of Beasts)
 12926 | Lair:6   | Entered Level 6 of the Lair of Beasts
 12948 | Lair:6   | Found a staircase to the Slime Pits.
 12999 | Lair:6   | Noticed Nessos
 13021 | Lair:6   | Killed Nessos
 13021 | Lair:6   | Reached skill level 10 in Dodging
 13144 | Lair:6   | Reached XP level 13. HP: 115/118 MP: 12/12
 13603 | Lair:6   | Reached ****** piety under Trog
 13618 | Lair:6   | Received a gift from Trog
 13679 | Lair:6   | Found a viscous altar of Jiyva.
 14105 | Lair:6   | Noticed a dire elephant
 14105 | Lair:6   | Noticed a dire elephant
 14107 | Lair:6   | Noticed a dire elephant
 14132 | Lair:6   | Killed a dire elephant
 14138 | Lair:6   | Killed a dire elephant
 14141 | Lair:6   | Noticed a dire elephant
 14141 | Lair:6   | Killed a dire elephant
 14144 | Lair:6   | Noticed a dire elephant
 14462 | Snake:1  | Entered Level 1 of the Snake Pit
 14471 | Snake:1  | Noticed a nagaraja
 14486 | Snake:1  | Killed a nagaraja
 14486 | Snake:1  | Reached skill level 14 in Maces & Flails
 14528 | Snake:1  | Found a glowing golden altar of the Shining One.
 15101 | Snake:1  | HP: 3/119 [black mamba (7)]
 15102 | Snake:1  | Succumbed to a black mamba's poison

Skill      XL: |  1  2  3  4  5  6  7  8  9 10 11 12 13 |
---------------+----------------------------------------+-----
Maces & Flails | 4 5 6 8 11 13 14 | 14.3
Armour         | 4 8 9 10 11 12 | 12.0
Fighting       | 5 6 7 12 | 12.9
Dodging        | 6 10 12 | 12.0
Shields        | 1 5 7 8 11 12 | 12.0

Action                   |  1- 3 |  4- 6 |  7- 9 | 10-12 | 13-15 || total
-------------------------+-------+-------+-------+-------+-------++-------
Melee: Mace              |    59 |    93 |   297 |   832 |   251 ||  1532
       Headbutt          |    14 |    12 |    72 |   186 |    82 ||   366
Invok: Berserk           |     1 |     2 |     2 |     4 |     1 ||    10
       Burn Spellbooks   |       |       |     1 |     5 |     1 ||     7
       Brothers in Arms  |       |       |       |     2 |     2 ||     4
       Trog's Hand       |       |       |       |     2 |       ||     2
Evoke: Wand              |       |       |     5 |     1 |       ||     6
  Use: Scroll            |     6 |     7 |     7 |    14 |       ||    34
       Potion            |       |       |     1 |     4 |     3 ||     8
 Stab: Invisible         |       |       |       |     6 |       ||     6
  Eat: Chunk             |     2 |     4 |    12 |    28 |     7 ||    53
       Fruit             |       |     1 |     3 |     1 |     1 ||     6
Armor: Animal skin       |     5 |       |       |       |       ||     5
       Ring mail         |     6 |    35 |    29 |       |       ||    70
       Plate armour      |       |       |   105 |   393 |   113 ||   611
Dodge: Dodged            |    21 |     9 |    88 |   214 |    91 ||   423
Block: Shield            |    18 |    35 |   116 |   423 |   154 ||   746
